| TOP OF THE 1ST |
|
Bluefield Blue Jays batting - Pitching for Texas (APP) Rangers : RHP Tyler Bach
|
|
Pitching: RHP Tyler Bach
|
|
|
Batting: RHB Justin Geiger
|
0-0: Ball 1-0: SINGLE (Line Drive, 9S, EV 101.9 MPH)
|
|
Batting: SHB Scott Robbins
|
0-0: Ball 1-0: Ball 2-0: Ball 3-0: Called Strike 3-1: Foul Ball, location: 2F 3-2: Ground out 4-3 (Groundball, 4, EV 93.1 MPH) Justin Geiger to second
|
|
Batting: RHB Taylor Peavey
|
0-0: Fly out, F8 (Flyball, 8RM, EV 86.9 MPH)
|
|
Batting: RHB Jordan Fairburn
|
0-0: Fly out, F9 (Flyball, 89M, EV 82.5 MPH)
|
| Top of the 1st over - 0 runs, 1 hit, 0 errors, 1 left on base; Bluefield 0 - Texas (APP) 0 |
| BOTTOM OF THE 1ST |
|
Texas (APP) Rangers batting - Pitching for Bluefield Blue Jays : LHP Jon Moore
|
|
Pitching: LHP Jon Moore
|
|
|
Batting: RHB Jay De Angelis
|
0-0: Called Strike 0-1: Called Strike 0-2: Ball 1-2: Strikes out looking
|
|
Batting: RHB Alex Lopez
|
0-0: Ground out 5-3 (Groundball, 6S, EV 78.1 MPH)
|
|
Batting: RHB David Redman
|
0-0: Foul Ball, location: 2F 0-1: Ball 1-1: Ball 2-1: Fly out, F9 (Flyball, 9LM, EV 88.8 MPH)
|
| Bottom of the 1st over - 0 runs, 0 hits, 0 errors, 0 left on base; Bluefield 0 - Texas (APP) 0 |
| TOP OF THE 2ND |
|
Bluefield Blue Jays batting - Pitching for Texas (APP) Rangers : RHP Tyler Bach
|
|
Batting: SHB Jack Andrews
|
0-0: Ball 1-0: Fly out, F9 (Flyball, 9LS, EV 89.4 MPH)
|
|
Batting: RHB Mike Johnson
|
0-0: Ground out 6-3 (Groundball, 6, EV 102.5 MPH)
|
|
Batting: SHB Ryan Chicoine
|
0-0: Ball 1-0: Called Strike 1-1: Foul Ball, location: 2F 1-2: Strikes out swinging
|
| Top of the 2nd over - 0 runs, 0 hits, 0 errors, 0 left on base; Bluefield 0 - Texas (APP) 0 |
| BOTTOM OF THE 2ND |
|
Texas (APP) Rangers batting - Pitching for Bluefield Blue Jays : LHP Jon Moore
|
|
Batting: RHB Robby Adair
|
0-0: Fly out, F9 (Flyball, 9LM, EV 89.4 MPH)
|
|
Batting: SHB Mark Paquin
|
0-0: Ground out 6-3 (Groundball, 6M, EV 102.5 MPH)
|
|
Batting: RHB Matt Silva
|
0-0: Ball 1-0: Ball 2-0: Ball 3-0: Base on Balls
|
|
Batting: RHB Rafael Tapia
|
0-0: Ground out U3 (Groundball, 34, EV 101.9 MPH)
|
| Bottom of the 2nd over - 0 runs, 0 hits, 0 errors, 1 left on base; Bluefield 0 - Texas (APP) 0 |
| TOP OF THE 3RD |
|
Bluefield Blue Jays batting - Pitching for Texas (APP) Rangers : RHP Tyler Bach
|
|
Batting: RHB Tokuji Kawabata
|
0-0: Fly out, F8 (Flyball, 8LM, EV 93.8 MPH)
|
|
Batting: RHB Wade Diamond
|
0-0: SOLO HOME RUN (Line Drive, 7D, EV 108.1 MPH), Distance : 384 ft
|
|
Batting: RHB Justin Geiger
|
0-0: SOLO HOME RUN (Flyball, 78XD, EV 102.5 MPH), Distance : 409 ft
|
|
Batting: SHB Scott Robbins
|
0-0: Called Strike 0-1: Called Strike 0-2: Ball 1-2: SINGLE (Line Drive, 7LS, EV 101.9 MPH)
|
|
Batting: RHB Taylor Peavey
|
0-0: Called Strike 0-1: Called Strike 0-2: Ball 1-2: Ball 2-2: SINGLE (Groundball, 5S, EV 70.6 MPH) (infield hit) Scott Robbins to second
|
|
Batting: RHB Jordan Fairburn
|
0-0: Called Strike 0-1: Foul Ball, location: 2F 0-2: Foul Ball, location: 2F 0-2: Ball 1-2: Grounds into double play, 6-4-3 (Groundball, 56, EV 82.5 MPH)
|
| Top of the 3rd over - 2 runs, 4 hits, 0 errors, 1 left on base; Bluefield 2 - Texas (APP) 0 |
| BOTTOM OF THE 3RD |
|
Texas (APP) Rangers batting - Pitching for Bluefield Blue Jays : LHP Jon Moore
|
|
Batting: SHB Albert Ortiz
|
0-0: Foul Ball, location: 2F 0-1: Reached on error, E7 (Flyball, 7, EV 88.8 MPH)
|
|
Batting: LHB Steven Frederick
|
0-0: Called Strike 0-1: Ball 1-1: Ball 2-1: Foul Ball, location: 2F 2-2: Fielders Choice at 2nd, 6-4 (Groundball, 6M, EV 101.9 MPH)
|
|
Batting: RHB Jay De Angelis
|
0-0: Ball Steven Frederick is caught stealing 2nd base 2-4 1-0: Ground out 6-3 (Groundball, 6, EV 86.9 MPH)
|
| Bottom of the 3rd over - 0 runs, 0 hits, 1 error, 0 left on base; Bluefield 2 - Texas (APP) 0 |
| TOP OF THE 4TH |
|
Bluefield Blue Jays batting - Pitching for Texas (APP) Rangers : RHP Tyler Bach
|
|
Batting: SHB Jack Andrews
|
0-0: Ball 1-0: Foul Ball, location: 2F 1-1: Ball 2-1: SINGLE (Groundball, 4S, EV 70.0 MPH) (infield hit)
|
|
Batting: RHB Mike Johnson
|
0-0: Called Strike 0-1: Ball 1-1: Ball 2-1: Foul Ball, location: 2F 2-2: Ball 3-2: Base on Balls Jack Andrews to second
|
|
Batting: SHB Ryan Chicoine
|
0-0: Called Strike Jack Andrews steals 3rd, throwing error, E2 Jack Andrews scores Mike Johnson to third 0-1: Called Strike 0-2: Ball 1-2: Ball 2-2: Foul Ball, location: 2F 2-2: Ball 3-2: Intentional Walk
|
|
Batting: RHB Tokuji Kawabata
|
0-0: Ball 1-0: Called Strike 1-1: Fly out, F8 (Flyball, 89M, EV 96.2 MPH)
|
|
Batting: RHB Wade Diamond
|
0-0: Ball Ryan Chicoine is caught stealing 2nd base 2-4 1-0: Ball 2-0: Ball 3-0: Called Strike 3-1: Fly out, F3 (Line Drive, 3, EV 66.9 MPH)
|
| Top of the 4th over - 1 run, 1 hit, 1 error, 1 left on base; Bluefield 3 - Texas (APP) 0 |
| BOTTOM OF THE 4TH |
|
Texas (APP) Rangers batting - Pitching for Bluefield Blue Jays : LHP Jon Moore
|
|
Batting: RHB Alex Lopez
|
0-0: Ball 1-0: Foul Ball, location: 2F 1-1: Fly out, F6 (Line Drive, 6, EV 72.5 MPH)
|
|
Batting: RHB David Redman
|
0-0: Ball 1-0: Called Strike 1-1: Ball 2-1: Fly out, F5 (Popup, 5F, EV 56.2 MPH)
|
|
Batting: RHB Robby Adair
|
0-0: Called Strike 0-1: Ball 1-1: Foul Ball, location: 2F 1-2: Ball 2-2: Ball 3-2: Ground out 1-3 (Groundball, 15S, EV 62.5 MPH)
|
| Bottom of the 4th over - 0 runs, 0 hits, 0 errors, 0 left on base; Bluefield 3 - Texas (APP) 0 |
| TOP OF THE 5TH |
|
Bluefield Blue Jays batting - Pitching for Texas (APP) Rangers : RHP Tyler Bach
|
|
Batting: RHB Justin Geiger
|
0-0: Ball 1-0: Foul Ball, location: 2F 1-1: Fly out, F9 (Flyball, 9LS, EV 97.5 MPH)
|
|
Batting: SHB Scott Robbins
|
0-0: Ball 1-0: Foul Ball, location: 2F 1-1: Called Strike 1-2: Ball 2-2: Fly out, F8 (Flyball, 78D, EV 87.5 MPH)
|
|
Batting: RHB Taylor Peavey
|
0-0: Called Strike 0-1: Ball 1-1: Called Strike 1-2: Foul Ball, location: 2F 1-2: SINGLE (Groundball, 4MD, EV 100.6 MPH)
|
|
Batting: RHB Jordan Fairburn
|
0-0: Called Strike 0-1: Ball Passed Ball! Taylor Peavey to second 1-1: Called Strike 1-2: Ball 2-2: Foul Ball, location: 2F 2-2: Fly out, F2 (Popup, 23F, EV 86.2 MPH)
|
| Top of the 5th over - 0 runs, 1 hit, 0 errors, 1 left on base; Bluefield 3 - Texas (APP) 0 |
| BOTTOM OF THE 5TH |
|
Texas (APP) Rangers batting - Pitching for Bluefield Blue Jays : LHP Jon Moore
|
|
Batting: SHB Mark Paquin
|
0-0: Swinging Strike 0-1: Ball 1-1: Ball 2-1: Swinging Strike 2-2: Foul Ball, location: 2F 2-2: SINGLE (Groundball, 23, EV 65.6 MPH) (infield hit)
|
|
Batting: RHB Matt Silva
|
0-0: Ball Mark Paquin steals 2nd base 1-0: Ball 2-0: Ball 3-0: Called Strike 3-1: Base on Balls
|
|
Batting: RHB Rafael Tapia
|
0-0: SINGLE (Line Drive, 4M, EV 96.9 MPH) Mark Paquin to third Matt Silva to second
|
|
Batting: SHB Albert Ortiz
|
0-0: Fly out, F9 (Flyball, 9, EV 93.1 MPH)
|
|
Batting: LHB Steven Frederick
|
0-0: Called Strike 0-1: Ball 1-1: Foul Ball, location: 2F 1-2: Ball 2-2: Ball 3-2: Foul Ball, location: 2F 3-2: Foul Ball, location: 2F 3-2: Foul Ball, location: 2F 3-2: Foul Ball, location: 2F 3-2: Base on Balls Mark Paquin scores Matt Silva to third Rafael Tapia to second
|
|
Batting: RHB Jay De Angelis
|
0-0: Grounds into fielders choice 6-2 (Groundball, 6, EV 85.0 MPH) Rafael Tapia to third Steven Frederick to second
|
|
Batting: RHB Alex Lopez
|
0-0: Called Strike 0-1: Ball 1-1: Called Strike 1-2: Ball 2-2: Fielders Choice at 2nd, U6 (Groundball, 6M, EV 85.6 MPH)
|
| Bottom of the 5th over - 1 run, 2 hits, 0 errors, 3 left on base; Bluefield 3 - Texas (APP) 1 |
| TOP OF THE 6TH |
|
Bluefield Blue Jays batting - Pitching for Texas (APP) Rangers : RHP Tyler Bach
|
|
Batting: SHB Jack Andrews
|
0-0: Ball 1-0: Ball 2-0: Swinging Strike 2-1: Called Strike 2-2: Strikes out swinging
|
|
Batting: RHB Mike Johnson
|
0-0: Ball 1-0: Ball 2-0: Ground out U3 (Groundball, 34, EV 104.4 MPH)
|
|
Batting: SHB Ryan Chicoine
|
0-0: Foul Ball, location: 2F 0-1: Ball 1-1: Foul Ball, location: 2F 1-2: Ground out 2-3 (Groundball, 13S, EV 66.9 MPH)
|
| Top of the 6th over - 0 runs, 0 hits, 0 errors, 0 left on base; Bluefield 3 - Texas (APP) 1 |
| BOTTOM OF THE 6TH |
|
Texas (APP) Rangers batting - Pitching for Bluefield Blue Jays : LHP Jon Moore
|
|
Batting: RHB David Redman
|
0-0: Foul Ball, location: 2F 0-1: Ball 1-1: Foul Ball, location: 2F 1-2: Ball 2-2: SINGLE (Line Drive, 56, EV 97.5 MPH)
|
|
Batting: RHB Robby Adair
|
0-0: Ball 1-0: Ball 2-0: Ball 3-0: Called Strike 3-1: Foul Ball, location: 2F 3-2: Base on Balls David Redman to second
|
|
Batting: SHB Mark Paquin
|
0-0: Ball 1-0: Foul Ball, location: 2F 1-1: Swinging Strike 1-2: Ball 2-2: Foul Ball, location: 2F 2-2: Ball 3-2: Strikes out swinging
|
|
Batting: RHB Matt Silva
|
0-0: Foul Ball, location: 2F 0-1: Ball 1-1: Ball 2-1: Fielders Choice at 2nd, 5-4 (Groundball, 56S, EV 93.1 MPH) David Redman to third
|
|
Batting: RHB Rafael Tapia
|
0-0: Called Strike 0-1: Foul Ball, location: 2F 0-2: Ball 1-2: Fly out, F8 (Flyball, 8RM, EV 88.8 MPH)
|
| Bottom of the 6th over - 0 runs, 1 hit, 0 errors, 2 left on base; Bluefield 3 - Texas (APP) 1 |
| TOP OF THE 7TH |
|
Bluefield Blue Jays batting - Pitching for Texas (APP) Rangers : RHP Tyler Bach
|
|
Batting: RHB Tokuji Kawabata
|
0-0: Swinging Strike 0-1: Called Strike 0-2: Strikes out swinging
|
|
Batting: RHB Wade Diamond
|
0-0: Foul Ball, location: 2F 0-1: Ball 1-1: Ground out 6-3 (Groundball, 56, EV 83.8 MPH)
|
|
Batting: RHB Justin Geiger
|
0-0: Foul Ball, location: 2F 0-1: Foul Ball, location: 2F 0-2: SINGLE (Groundball, 4MD, EV 108.1 MPH)
|
|
Batting: SHB Scott Robbins
|
0-0: Called Strike Justin Geiger steals 2nd base 0-1: Ball 1-1: Ball 2-1: Called Strike 2-2: Foul Ball, location: 2F 2-2: Ball 3-2: Strikes out swinging
|
| Top of the 7th over - 0 runs, 1 hit, 0 errors, 1 left on base; Bluefield 3 - Texas (APP) 1 |
| BOTTOM OF THE 7TH |
|
Texas (APP) Rangers batting - Pitching for Bluefield Blue Jays : LHP Jon Moore
|
|
Batting: SHB Albert Ortiz
|
0-0: Called Strike 0-1: Ball 1-1: Ground out 5-3 (Groundball, 56S, EV 92.5 MPH)
|
|
Batting: LHB Steven Frederick
|
0-0: Called Strike 0-1: Ball 1-1: Ball 2-1: Ball 3-1: Base on Balls
|
|
Pitching: RHP Joe Spencer
|
|
|
Pinch Hitting: LHB Justin Wheelock
|
0-0: Ball 1-0: Ball Steven Frederick is caught stealing 2nd base 2-6 2-0: Called Strike 2-1: Called Strike 2-2: Strikes out swinging
|
| Bottom of the 7th over - 0 runs, 0 hits, 0 errors, 0 left on base; Bluefield 3 - Texas (APP) 1 |
| TOP OF THE 8TH |
|
Bluefield Blue Jays batting - Pitching for Texas (APP) Rangers : RHP Tyler Bach
|
|
Pitching: LHP Tony Bravo
|
|
|
Now in LF: Justin Wheelock
|
|
|
Batting: RHB Taylor Peavey
|
0-0: Called Strike 0-1: Foul Ball, location: 2F 0-2: Ball 1-2: Ground out 4-3 (Groundball, 4, EV 93.1 MPH)
|
|
Batting: RHB Jordan Fairburn
|
0-0: Fly out, F3 (Popup, 34, EV 70.6 MPH)
|
|
Batting: SHB Jack Andrews
|
0-0: Swinging Strike 0-1: Ball 1-1: Foul Ball, location: 2F 1-2: Foul Ball, location: 2F 1-2: Foul Ball, location: 2F 1-2: Foul Ball, location: 2F 1-2: Ball 2-2: Strikes out swinging, 2-3 out at first.
|
| Top of the 8th over - 0 runs, 0 hits, 0 errors, 0 left on base; Bluefield 3 - Texas (APP) 1 |
| BOTTOM OF THE 8TH |
|
Texas (APP) Rangers batting - Pitching for Bluefield Blue Jays : RHP Joe Spencer
|
|
Pinch Hitting: LHB Tomoya Hashimoto
|
0-0: Ball 1-0: SINGLE (Groundball, 34D, EV 108.1 MPH)
|
|
Batting: LHB Walter Vegter
|
0-0: SINGLE (Groundball, 6M, EV 83.8 MPH) (infield hit) Tomoya Hashimoto to second
|
|
Batting: RHB Robby Adair
|
0-0: Swinging Strike 0-1: SINGLE (Line Drive, 4D, EV 97.5 MPH) Tomoya Hashimoto to third Walter Vegter to second Runner from 3rd tries for Home, SAFE, throw by CF to home
|
|
Batting: SHB Mark Paquin
|
0-0: Ball 1-0: Fielders Choice at 2nd, U6 (Groundball, 4M, EV 83.1 MPH) Walter Vegter to third
|
|
Batting: RHB Matt Silva
|
0-0: Foul Ball, location: 2F 0-1: Foul Ball, location: 2F 0-2: Foul Ball, location: 2F 0-2: Fly out, F8 (Flyball, 89D, EV 91.9 MPH) Runner from 3rd tags up, SCORES, throw by CF
|
|
Batting: RHB Rafael Tapia
|
0-0: Called Strike 0-1: Ball Wild Pitch! Mark Paquin to second 1-1: Intentional Walk
|
|
Batting: SHB Albert Ortiz
|
0-0: Ball 1-0: Foul Ball, location: 2F 1-1: Ball 2-1: Foul Ball, location: 2F 2-2: Strikes out swinging
|
| Bottom of the 8th over - 2 runs, 3 hits, 0 errors, 2 left on base; Bluefield 3 - Texas (APP) 3 |
| TOP OF THE 9TH |
|
Bluefield Blue Jays batting - Pitching for Texas (APP) Rangers : LHP Tony Bravo
|
|
Pitching: LHP Chris Vachon
|
|
|
Now at 1B: Matt Silva
|
|
|
Now in CF: Jordan Llanes
|
|
|
Batting: RHB Mike Johnson
|
0-0: Ball 1-0: SINGLE (Line Drive, 6M, EV 93.8 MPH)
|
|
Batting: SHB Ryan Chicoine
|
0-0: Bunt missed! 0-1: Ball 1-1: Sac Bunt to 15 - play at first, batter OUT! 1-4 Mike Johnson to second
|
|
Batting: RHB Tokuji Kawabata
|
0-0: Ball 1-0: Called Strike 1-1: Called Strike 1-2: Ball 2-2: Ball 3-2: Ground out 4-3 (Groundball, 4M, EV 103.8 MPH) Mike Johnson to third
|
|
Batting: RHB Wade Diamond
|
0-0: Ball Wild Pitch! Mike Johnson scores 1-0: Ball 2-0: Foul Ball, location: 2F 2-1: Fly out, F3 (Popup, 3DF, EV 62.5 MPH)
|
| Top of the 9th over - 1 run, 1 hit, 0 errors, 0 left on base; Bluefield 4 - Texas (APP) 3 |
| BOTTOM OF THE 9TH |
|
Texas (APP) Rangers batting - Pitching for Bluefield Blue Jays : RHP Joe Spencer
|
|
Pitching: LHP Dylan Batstone
|
|
|
Pinch Hitting: RHB Shawn Weber
|
0-0: Fly out, F2 (Popup, 2RF, EV 93.8 MPH)
|
|
Pinch Hitting: RHB Jeremy Palac
|
0-0: Ball 1-0: Ball 2-0: Called Strike 2-1: Ball 3-1: Base on Balls
|
|
Batting: RHB Jordan Llanes
|
0-0: Called Strike 0-1: Ball 1-1: Swinging Strike 1-2: Foul Ball, location: 2F 1-2: Foul Ball, location: 2F 1-2: TRIPLE (Flyball, 78XD, EV 111.2 MPH) Jeremy Palac scores
|
|
Batting: LHB Walter Vegter
|
0-0: Ball 1-0: Swinging Strike 1-1: Fly out, F9 (Line Drive, 9S, EV 96.2 MPH)
|
|
Batting: RHB Robby Adair
|
0-0: Intentional Walk
|
|
Batting: SHB Mark Paquin
|
0-0: Fielders Choice at 2nd, U4 (Groundball, 4M, EV 81.9 MPH)
|
| Bottom of the 9th over - 1 run, 1 hit, 0 errors, 2 left on base; Bluefield 4 - Texas (APP) 4 |
| TOP OF THE 10TH |
|
Bluefield Blue Jays batting - Pitching for Texas (APP) Rangers : LHP Chris Vachon
|
|
Now in LF: Jordan Llanes
|
|
|
Now in CF: Shawn Weber
|
|
|
Now in RF: Jeremy Palac
|
|
|
Batting: RHB Justin Geiger
|
0-0: Ground out 5-3 (Groundball, 5L, EV 85.6 MPH)
|
|
Batting: SHB Scott Robbins
|
0-0: Ball 1-0: Called Strike 1-1: Called Strike 1-2: Ball 2-2: SINGLE (Line Drive, 9S, EV 105.6 MPH)
|
|
Batting: RHB Taylor Peavey
|
0-0: Hit by Pitch Scott Robbins to second
|
|
Batting: RHB Jordan Fairburn
|
0-0: Ball 1-0: Called Strike 1-1: Foul Ball, location: 2F 1-2: Ball 2-2: Strikes out swinging
|
|
Batting: SHB Jack Andrews
|
0-0: Ball 1-0: DOUBLE (Line Drive, 78XD, EV 106.9 MPH) Scott Robbins scores Taylor Peavey to third
|
|
Batting: RHB Mike Johnson
|
0-0: Foul Ball, location: 2F 0-1: Swinging Strike 0-2: Ball 1-2: Ball 2-2: Ball 3-2: Base on Balls
|
|
Batting: SHB Ryan Chicoine
|
0-0: Called Strike 0-1: Ball 1-1: Foul Ball, location: 2F 1-2: Ball 2-2: Foul Ball, location: 2F 2-2: Strikes out swinging
|
| Top of the 10th over - 1 run, 2 hits, 0 errors, 3 left on base; Bluefield 5 - Texas (APP) 4 |
| BOTTOM OF THE 10TH |
|
Texas (APP) Rangers batting - Pitching for Bluefield Blue Jays : LHP Dylan Batstone
|
|
Pitching: RHP Dave Kurtz
|
|
|
Batting: RHB Matt Silva
|
0-0: Swinging Strike 0-1: Ball 1-1: Foul Ball, location: 2F 1-2: Strikes out swinging
|
|
Batting: RHB Rafael Tapia
|
0-0: Ground out 5-3 (Groundball, 25, EV 90.6 MPH)
|
|
Batting: SHB Albert Ortiz
|
0-0: Swinging Strike 0-1: Ball 1-1: Ball 2-1: Ball 3-1: Ground out 6-3 (Groundball, 4MD, EV 97.5 MPH)
|
| Bottom of the 10th over - 0 runs, 0 hits, 0 errors, 0 left on base; Bluefield 5 - Texas (APP) 4 |
|